AoeStats
← my name is bullet

Arabia

505042676Analyzed
1v1 RM · 24d ago on Sep 7, 2026· 52m 1s· 2 players
Game mode
Random Map
Map size
Tiny (2 player)
Population
200
Speed
Normal
Resources
Standard
Victory
Conquest
Starting age
Dark Age
Ending age
Imperial Age
RankedLock teamsTeams togetherTeam positionsShared explorationLock speedFull tech treeHidden civsTurbo modeCheats
Victory
Defeat
🇫🇷 Vietnamese · France
942
+17
🇨🇦 Magyars · Canada
962
-17
my name is bullet
7:18 Loom
7:25 Loom
10:26 Feudal Age
12:02 Double-Bit Axe
13:01 Fletching
18:48 Horse Collar
19:37 Padded Archer Armor
30:32 Castle Age
29:08 Wheelbarrow
31:13 Crossbowman
32:22 Heavy Plow
32:39 Bow Saw
33:05 Bodkin Arrow
33:19 Thumb Ring
36:21 Pikeman
39:00 Squires
39:06 Scale Mail Armor
41:48 Hand Cart
43:27 Ballistics
49:10 Imperial Age
49:46 Arbalester
50:28 Bracer
50:43 Leather Archer Armor
50:57 Paper Money
51:39 Crop Rotation
52:14 Two-Man Saw
D乇ムdLuS
8:38 Loom
10:51 Feudal Age
14:16 Horse Collar
18:03 Double-Bit Axe
23:14 Castle Age
21:47 Bloodlines
30:42 Scale Barding Armor
31:38 Husbandry
35:50 Stone Mining
40:31 Elite Skirmisher
41:10 Gold Mining
42:51 Fletching
44:27 Wheelbarrow
44:46 Bodkin Arrow
46:48 Padded Archer Armor
51:18 Imperial Age
50:14 Corvinian Army
50:56 Chain Barding Armor
Connection lost

Rejoining the realm…

Still unreachable

The connection could not be restored.

Session expired

The server has moved on; the page needs a fresh start.